 Dungeon Crawl Stone Soup version 0.29.1-12-g30fa7ad0bf (webtiles) character file.

Game seed: 13398758332817462855

898 GigaChad the Chopper (level 7, -1/63 HPs)
             Began as a Minotaur Fighter on Dec 14, 2022.
             Was an Initiate of Ru.
             Killed by nerve-wracking pain
             ... invoked by an orc priest
              (9 damage)
             ... on level 5 of the Dungeon on Dec 15, 2022.
             The game lasted 00:13:32 (4890 turns).

GigaChad the Chopper (Minotaur Fighter)             Turns: 4890, Time: 00:13:32

Health: -1/63      AC: 12    Str: 23    XL:     7   Next: 79%
Magic:  6/6        EV:  6    Int:  5    God:    Ru [......]
Gold:   340        SH:  5    Dex:  9    Spells: 6/6 levels left

rFire   . . .      SeeInvis .   g - +0 broad axe
rCold   . . .      Faith    .   c - +1 buckler
rNeg    . . .      Spirit   .   h - +0 plate armour
rPois   .          Reflect  .   (helmet restricted)
rElec   .          Harm     .   (no cloak)
rCorr   .          Rampage  .   (no gloves)
Will    .....                   (no boots)
Stlth   ..........              q - amulet of regeneration
HPRegen 1.00/turn               (no ring)
MPRegen 0.10/turn               (no ring)

@: lethally poisoned (-1 -> -2)
A: horns 2, retaliatory headbutt
a: Renounce Religion, Sacrifice Love, Sacrifice a Hand, Sacrifice Durability,
Reject Sacrifices


You were on level 5 of the Dungeon.
You worshipped Ru.
Ru was noncommittal.
You visited 2 branches of the dungeon, and saw 6 of its levels.

You collected 340 gold pieces.

Inventory:

Hand Weapons
 a - a +0 war axe
 g - a +0 broad axe (weapon)
 x - a +0 rapier of venom
Missiles
 o - a throwing net (quivered)
Armour
 b - a +0 scale mail
 c - a +1 buckler (worn)
 h - a +0 plate armour (worn)
Jewellery
 q - an amulet of regeneration (around neck)
 s - an amulet of magic regeneration
 t - an amulet of regeneration
Scrolls
 e - 4 scrolls of identify {unknown}
 j - a scroll of vulnerability {unknown}
 k - 2 scrolls of magic mapping {unknown}
 m - 4 scrolls of noise
 r - a scroll of poison
 u - a scroll of amnesia {unknown}
 v - a scroll of immolation {unknown}
 y - a scroll of brand weapon {unknown}
 z - a scroll of enchant armour
Potions
 d - 2 potions of might
 f - a potion of flight {unknown}
 i - a potion of cancellation {unknown}
 l - 2 potions of mutation {unknown}
 n - 2 potions of heal wounds {unknown}
 p - 3 potions of invisibility {unknown}
 w - a potion of curing {unknown}


   Skills:
 + Level 6.1 Fighting
 + Level 7.3 Axes
 + Level 6.3 Armour
 + Level 0.9 Dodging
 + Level 0.5 Stealth
 + Level 4.8 Shields


You had 6 spell levels left.
You didn't know any spells.
Your spell library contained the following spells:

 Spells                   Type           Power      Damage    Failure   Level
 Call Canine Familiar     Summ           0%         N/A       100%        3
 Portal Projectile        Hex/Tloc       0%         N/A       100%        3
 Leda's Liquefaction      Hex/Erth       0%         N/A       100%        4
 Passage of Golubria      Tloc           0%         N/A       100%        4
 Silence                  Hex/Air        0%         N/A       100%        5
 Lehudib's Crystal Spear  Conj/Erth      0%         10d2      100%        8


Dungeon Overview and Level Annotations

Branches:
Dungeon (5/15)             Temple (1/1) D:5

Altars:
Elyvilon
Gozag
Hepliaklqana
Makhleb
Qazlal
Ru
Sif Muna
Trog
Uskayaw
Wu Jian
Xom
Yredelemnul
Zin
The Shining One

Shops:
D:2 !?=([   D:5 [

Annotations:
Temple 4 transporters


Innate Abilities, Weirdness & Mutations

You have a pair of horns on your head.
You reflexively headbutt those who attack you in melee.


Message History

The scorpion stings you but does no damage.
You closely miss the scorpion.
You headbutt the scorpion, but do no damage.
The scorpion is almost dead.
You barely miss the orc priest.
You feel sick.
You are no longer poisoned.
You block the orc priest's attack.
The scorpion stings you but does no damage.
You closely miss the orc priest.
The orc priest is almost dead.
You slash the orc!
You kill the orc!
You closely miss the scorpion. The scorpion stings you.
You are poisoned.
The scorpion poisons you!
The orc priest hits you but does no damage.
The orc wizard casts a spell.
The orc wizard flickers and vanishes!
Deactivating autopickup; reactivate with Ctrl-A.
You block the scorpion's attack.
The orc priest hits you but does no damage.
An orc comes into view. It is wielding a +0 dagger.
An orc comes into view. It is wielding a +0 club.
Unknown command.
The orc shouts!
You slash the scorpion!
You kill the scorpion!
You barely miss the orc priest.
You feel very sick.
You hear a shout!
You block the hound's attack.
The orc priest calls down the wrath of Beogh upon you.
Beogh smites you!
* * * LOW HITPOINT WARNING * * *
You hit the hound.
The hound is moderately wounded.
You barely miss the orc priest.
You feel sick. You block the hound's attack.
The orc priest invokes the aid of Beogh against you.
Pain shoots through your body!
You die...

#.# #.# #####.#
#.....#######
#.###........
#.#.#.#.#.#.#.#
....o..........
#.#.#.#)#.#.#.#
..o.{.h@o..$...
#.#.#.#.#.#.#.#
......>........
#.#.#.#?#.#.#.#
###############


You could see a hound, an orc priest and 2 orcs.

Vanquished Creatures
  A black bear (D:5)
  Duvessa (D:4)
  An ogre (D:5)
  A phantom (D:5)
  A scorpion (D:5)
  A necrophage (D:5)
  Dowan (D:4)
  2 jellies (D:5)
  4 orc priests
  3 orc wizards
  3 adders
  2 worms (D:2)
  4 dart slugs
  22 orcs
  4 endoplasms
  5 giant cockroaches
  4 goblins
  8 hobgoblins
  5 quokkas
  6 ball pythons
  4 bats
  3 frilled lizards
  5 kobolds
  6 rats
97 creatures vanquished.

Notes
Turn   | Place    | Note
-------+----------+-------------------------------------------
     0 | D:1      | GigaChad the Minotaur Fighter began the quest for the Orb.
     0 | D:1      | Reached XP level 1. HP: 19/19 MP: 0/0
   189 | D:1      | Reached XP level 2. HP: 15/27 MP: 1/1
   387 | D:1      | Found a faded altar of an unknown god.
   403 | D:1      | Prayed at the altar of an unknown god.
   403 | D:1      | Became a worshipper of Ru the Awakened
   811 | D:2      | Reached XP level 3. HP: 33/33 MP: 2/2
   905 | D:2      | Reached skill level 3 in Axes
   992 | D:2      | Found Qimyc's Magic Scroll Boutique.
  1113 | D:2      | Found Hall's Armour Shop.
  1154 | D:2      | Found Komuf's Jewellery Shop.
  1404 | D:2      | Found Qogalops's Distillery.
  1745 | D:2      | Found Ceseng's Antique Weapon Shop.
  1990 | D:3      | Reached XP level 4. HP: 32/40 MP: 3/3
  1992 | D:3      | Reached skill level 4 in Axes
  2467 | D:3      | Reached XP level 5. HP: 28/46 MP: 4/4
  2851 | D:3      | Reached skill level 5 in Armour
  3908 | D:4      | Found a glowing silver altar of Zin.
  4215 | D:5      | Entered Level 5 of the Dungeon
  4215 | D:5      | Noticed Dowan
  4217 | D:5      | Noticed Duvessa
  4229 | D:4      | Killed Duvessa
  4230 | D:4      | Reached skill level 5 in Axes
  4230 | D:4      | Reached XP level 6. HP: 18/53 MP: 5/5
  4231 | D:4      | Killed Dowan
  4232 | D:4      | Reached skill level 5 in Fighting
  4695 | D:5      | Found Lost's Antique Armour Emporium.
  4708 | D:5      | Reached skill level 6 in Axes
  4708 | D:5      | Reached XP level 7. HP: 61/61 MP: 6/6
  4771 | D:5      | Found a shimmering blue altar of Sif Muna.
  4772 | D:5      | Found a staircase to the Ecumenical Temple.
  4781 | Temple   | Entered the Ecumenical Temple
  4781 | Temple   | Found a transporter.
  4781 | Temple   | Found a transporter.
  4783 | Temple   | Found a transporter.
  4783 | Temple   | Found a transporter.
  4884 | D:5      | Reached skill level 7 in Axes
  4890 | D:5      | Killed from afar by an orc priest

Illustrated notes

Levels and vault maps discovered:
D:1:      dpeg_chamrin_arrival_tetris, layout_basic,
          nicolae_ecumenical_lake_church
D:2:      layout_loops_corners, serial_shops, shop_scrolls,
          nicolae_shop_waterfront, shop, nicolae_shop_behind_doors, shop
D:3:      layout_basic, kennysheep_generic_room_10
D:4:      layout_gridville, general_overflow_altar
D:5:      layout_rooms, lemuel_doored_altar, temple_statues, serial_shops,
          nicolae_shop_hallway_plus, st_stairs_12, uniq_duvessa, uniq_pikel
Temple:   hellmonk_temple_divided_pantheon

Skill      XL: |  1  2  3  4  5  6  7 |
---------------+----------------------+-----
Fighting       | 4 5 6 |  6.1
Armour         | 4 5 6 |  6.3
Axes           | 3 4 5 6 7 |  7.3
Shields        | 4 |  4.8
Dodging        | |  0.9
Stealth        | |  0.5

Action                   |  1- 3 |  4- 6 |  7- 9 || total
-------------------------+-------+-------+-------++-------
Melee: War axe           |    72 |    20 |       ||    92
       Headbutt          |     9 |    20 |    12 ||    41
       Broad axe         |       |    81 |    40 ||   121
  Use: Scroll            |     2 |     3 |       ||     5
Armor: Scale mail        |    29 |     3 |       ||    32
       Plate armour      |       |    60 |    34 ||    94
Dodge: Dodged            |    35 |    38 |    14 ||    87
Block: Buckler           |    21 |    27 |    11 ||    59
